 Dungeon Crawl Stone Soup version 0.30-a0-159-g068b764562 (webtiles) character file.

Game seed: 18007557005527909538

11911 NinjaNoafa the Covert (level 11, -6/74 HPs)
             Began as a Gnoll Wanderer on Sept 26, 2022.
             Was a Priest of Sif Muna.
             Mangled by a death yak (13 damage)
             ... on level 11 of the Dungeon on Sept 27, 2022.
             The game lasted 00:42:07 (16400 turns).

NinjaNoafa the Covert (Gnoll Wanderer)             Turns: 16400, Time: 00:42:07

Health: -6/74      AC: 14    Str: 10    XL:     11   Next: 85%
Magic:  9/22       EV: 13    Int: 20    God:    Sif Muna [***...]
Gold:   781        SH:  8    Dex:  9    Spells: 9/25 levels left

rFire   . . .      SeeInvis .    F - staff of conjuration
rCold   . . .      Faith    .    d - +3 buckler
rNeg    + . .      Spirit   .    k - +3 leather armour
rPois   .          Reflect  .    (no helmet)
rElec   .          Harm     .    t - +0 cloak
rCorr   .          Rampage  .    f - +0 pair of gloves
Will    +....                    A - +0 pair of boots
Stlth   ++++......               (no amulet)
HPRegen 0.22/turn                z - ring "Baqobir" {rN+ Will+ Slay+4}
MPRegen 0.18/turn                i - +4 ring of protection

@: invisible
A: fangs 1, strong nose, distributed training, hooves 1, frail 1
a: Renounce Religion, Channel Magic, Forget Spell


You were on level 11 of the Dungeon.
You worshipped Sif Muna.
Sif Muna was most pleased with you.
You visited 2 branches of the dungeon, and saw 12 of its levels.

You collected 781 gold pieces.

Inventory:

Missiles
 g - 97 stones
 j - 21 boomerangs
 o - 3 javelins
 r - 13 poisoned darts
 w - 7 curare-tipped darts
 E - a throwing net
 J - 2 silver boomerangs
 M - a boomerang of dispersal
Armour
 d - a +3 buckler (worn)
 f - a +0 pair of gloves (worn)
 k - a +3 leather armour (worn)
 t - a +0 cloak (worn)
 A - a +0 pair of boots (worn)
Magical Staves
 F - a staff of conjuration (weapon)
Jewellery
 i - a +4 ring of protection (right hand)
 v - a +4 ring of evasion
 y - a ring of willpower
 z - the ring "Baqobir" (left hand) {rN+ Will+ Slay+4}
   (You found it on level 5 of the Dungeon)

   [ring of slaying]

   Slay:      It affects your accuracy & damage with ranged weapons and melee
   (+4).
   rN:        It protects you from negative energy.
   Will:      It increases your willpower.
 B - a ring of fire
 C - a +4 ring of protection
Wands
 e - a wand of iceblast (5)
 n - a wand of flame (12)
 I - a wand of charming (4)
 K - a wand of polymorph (8)
Scrolls
 a - 3 scrolls of enchant weapon
 b - 3 scrolls of vulnerability
 c - 2 scrolls of fog
 p - a scroll of magic mapping
 s - a scroll of brand weapon
 N - a scroll of identify
Potions
 h - a potion of flight
 l - a potion of curing
 u - 4 potions of attraction
 D - 2 potions of invisibility
Miscellaneous
 L - a condenser vane


   Skills:
 + Level 6.9 Fighting
 + Level 6.9 Short Blades
 + Level 6.9 Long Blades
 + Level 6.9 Axes
 + Level 6.9 Maces & Flails
 + Level 6.9 Polearms
 + Level 6.9 Staves
 + Level 6.9 Ranged Weapons
 + Level 6.9 Throwing
 + Level 6.9 Armour
 + Level 7.4 Dodging
 + Level 9.2 Stealth
 + Level 6.9 Shields
 + Level 6.9 Unarmed Combat
 + Level 7.5 Spellcasting
 + Level 8.0 Conjurations
 + Level 6.2 Hexes
 + Level 5.7 Summonings
 + Level 5.7 Necromancy
 + Level 5.7 Translocations
 + Level 5.7 Transmutations
 + Level 5.7 Fire Magic
 + Level 5.7 Ice Magic
 + Level 5.7 Air Magic
 + Level 5.7 Earth Magic
 + Level 5.7 Poison Magic
 + Level 7.6 Invocations
 + Level 7.4 Evocations


You had 9 spell levels left.
You knew the following spells:

 Your Spells              Type           Power      Damage    Failure   Level
a - Foxfire               Conj/Fire      100%       2x1d9     1%          1
b - Slow                  Hex            100%       N/A       1%          1
c - Dazzling Flash        Conj/Hex       100%       N/A       2%          3
d - Stone Arrow           Conj/Erth      100%       3d13      2%          3
f - Poisonous Vapours     Pois/Air       60%        N/A       1%          2
g - Inner Flame           Hex/Fire       31%        N/A       3%          3
h - Kindle Blastsparks    Fire/Tloc/Air  60%        2d15      4%          3

Your spell library contained the following spells:

 Spells                   Type           Power      Damage    Failure   Level
 Cigotuvi's Dreadful Rot  Necr/Pois/Air  60%        N/A       1%          2
 Gell's Gravitas          Tloc           30%        N/A       4%          3
 Teleport Other           Tloc           30%        N/A       4%          3
 Fulminant Prism          Conj/Hex       26%        3d14      8%          4
 Iskenderun's Mystic Bla  Conj/Tloc      52%        2d11      9%          4
 Cause Fear               Hex            16%        N/A       11%         4
 Lee's Rapid Deconstruct  Erth           15%        3d11*     36%         5
 Dispersal                Tloc           15%        N/A       91%         6
 Discord                  Hex            16%        N/A       100%        8


Dungeon Overview and Level Annotations

Branches:
Dungeon (11/15)            Temple (1/1) D:7            Lair (0/5) D:11
    Orc (0/2) D:9

Altars:
Ashenzari
Cheibriados
Dithmenos
Elyvilon
Fedhas
Gozag
Hepliaklqana
Kikubaaqudgha
Makhleb
Nemelex Xobeh
Okawaru
Qazlal
Ru
Sif Muna
Trog
Uskayaw
Vehumet
Wu Jian
Xom
Yredelemnul
Zin
The Shining One

Annotations:
D:11 3 runed translucent doors, SigmundSlayer's ghost, journeyman DECj


Innate Abilities, Weirdness & Mutations

You have very sharp teeth.
Your uncanny sense of smell can sniff out nearby items.
Your experience applies equally to all skills.
You have large cloven feet.
You are frail. (-10% HP)


Message History

Your surroundings seem slightly different.
The death yak gores you but does no damage.
Okay, then.
The death yak attacks as you move away! The death yak barely misses you.
Okay, then.
Found a staircase to the Lair.
Really read the scroll of immolation?
As you read the scroll of immolation, it crumbles to dust.
The creatures around you are filled with an inner flame!
The death yak gores you! The death yak attacks as you move away!
You block the death yak's attack.
A green ugly thing comes into view.
Casting: Stone Arrow (mildly dangerous; 2% risk of failure)
Confirm with . or Enter, or press ? or * to list all spells.
Aiming: Stone Arrow (mildly dangerous; 2% risk of failure)
Press: ? - help, Shift-Dir - straight line, f - death yak
Aim: a death yak (inner flame, 92% to hit)
You feel a surge of power!
The stone arrow hits the death yak!
Flame seeps out of the death yak.
The death yak is lightly wounded.
The death yak is engulfed in blazing flames.
Flame seeps out of the death yak.
The death yak gores you!!
* * * LOW HITPOINT WARNING * * *
The death yak bellows!
You feel better.
The death yak is engulfed in blazing flames.
Flame seeps out of the death yak.
The death yak gores you!
* * * LOW HITPOINT WARNING * * *
The death yak attacks as you move away! The death yak gores you!
* * * LOW HITPOINT WARNING * * *
Found 14 gold pieces.
The death yak is engulfed in blazing flames.
Flame seeps out of the death yak.
Okay, then.
Press: ? - help, v - describe, . - travel
Here: a death yak (heavily wounded, inner flame)
The floor, spattered with blood.
You fade into invisibility!
The death yak gores you!
You die...

#..##..# #
#..#...##.# ##.
#.........####..
##.....####....###
###.#............
## #Y#.#.#........
. #..Y..#........
###.###.....#..
#.###@.......
#YYYYu....>..
######.......
...#... .......
....... .####
.#....$ .....
....... .####


You could see 4 death yaks and a green ugly thing (unable to see you).

Vanquished Creatures
  4 two-headed ogres
  Pikel (D:9)
  Joseph (D:9)
  A gargoyle (D:11)
  A komodo dragon (D:11)
  2 hornets
  Sigmund (D:4)
  2 vampires
  A wyvern (D:8)
  A wraith (D:11)
  8 yaks
  7 vampire mosquitoes
  2 acid dragons
  12 orc warriors
  An ice beast (D:8)
  2 sky beasts (D:7)
  3 black bears
  2 ogres
  5 centaurs
  2 kobold brigands
  3 scorpions
  A necrophage (D:7)
  A bullfrog (D:7)
  2 gnoll sergeants
  8 wights
  A jelly (D:7)
  3 howler monkeys
  A gnoll bouda (D:7)
  6 orc priests
  3 hounds (D:5)
  4 iguanas
  13 orc wizards
  19 gnolls
  7 adders
  A white imp (D:8)
  2 ufetubi
  3 worms
  2 dart slugs (D:2)
  61 orcs
  5 bats
  5 endoplasms
  A giant cockroach (D:2)
  12 goblins
  3 hobgoblins
  3 jackals (D:4)
  2 quokkas
  2 ball pythons
  2 frilled lizards (D:3)
  12 kobolds
  7 rats (D:1)
254 creatures vanquished.

Vanquished Creatures (collateral kills)
  A troll (D:9)
  An orc warrior (D:9)
  A howler monkey (D:9)
  An orc priest (D:9)
  An orc wizard (D:9)
  An orc (D:9)
  10 foxfires (D:2)
16 creatures vanquished.

Vanquished Creatures (others)
  1084 foxfires
  A plant (D:2)
1085 creatures vanquished.

Grand Total: 1355 creatures vanquished

Notes
Turn   | Place    | Note
-------+----------+-------------------------------------------
     0 | D:1      | NinjaNoafa the Gnoll Wanderer began the quest for the Orb.
     0 | D:1      | NinjaNoafa set off with the following items: a +0 club, a
                  | scroll of vulnerability, a +0 robe, a +0 cloak; and the
                  | following spells available to memorise: Foxfire, Slow,
                  | Dazzling Flash, Stone Arrow, Inner Flame.
     0 | D:1      | Reached XP level 1. HP: 13/13 MP: 4/4
     8 | D:1      | Learned a level 1 spell: Foxfire
   222 | D:1      | Found a faded altar of an unknown god.
   292 | D:1      | Reached XP level 2. HP: 19/19 MP: 1/5
  1380 | D:2      | Learned a level 1 spell: Slow
  1474 | D:2      | Reached XP level 3. HP: 25/25 MP: 2/7
  1751 | D:2      | Reached skill level 6 in Stealth
  1908 | D:2      | Reached skill level 1 in Invocations
  2155 | D:3      | Reached skill level 1 in Fighting
  2155 | D:3      | Reached skill level 1 in Short Blades
  2155 | D:3      | Reached skill level 1 in Long Blades
  2155 | D:3      | Reached skill level 1 in Axes
  2155 | D:3      | Reached skill level 1 in Maces & Flails
  2155 | D:3      | Reached skill level 1 in Polearms
  2155 | D:3      | Reached skill level 1 in Staves
  2155 | D:3      | Reached skill level 1 in Ranged Weapons
  2155 | D:3      | Reached skill level 1 in Throwing
  2155 | D:3      | Reached skill level 1 in Armour
  2155 | D:3      | Reached skill level 1 in Shields
  2155 | D:3      | Reached skill level 1 in Unarmed Combat
  2387 | D:3      | Gained mutation: You are agile. (Dex +4, Str/Int -1)
                  | [potion of mutation]
  2387 | D:3      | Gained mutation: You occasionally lose the ability to read
                  | scrolls when taking damage. [potion of mutation]
  2387 | D:3      | Lost mutation: You occasionally lose the ability to read
                  | scrolls when taking damage. [potion of mutation]
  2387 | D:3      | Gained mutation: Your natural rate of healing is unusually
                  | fast. [potion of mutation]
  2392 | D:3      | Reached XP level 4. HP: 20/32 MP: 0/8
  2397 | D:3      | Reached skill level 1 in Summonings
  2397 | D:3      | Reached skill level 1 in Necromancy
  2397 | D:3      | Reached skill level 1 in Translocations
  2397 | D:3      | Reached skill level 1 in Transmutations
  2397 | D:3      | Reached skill level 1 in Fire Magic
  2397 | D:3      | Reached skill level 1 in Ice Magic
  2397 | D:3      | Reached skill level 1 in Air Magic
  2397 | D:3      | Reached skill level 1 in Earth Magic
  2397 | D:3      | Reached skill level 1 in Poison Magic
  3104 | D:4      | You fall into a shaft and drop 1 floor!
  3104 | D:5      | Entered Level 5 of the Dungeon
  3155 | D:4      | Noticed Sigmund
  3304 | D:4      | Killed Sigmund
  3305 | D:4      | Reached XP level 5. HP: 33/38 MP: 1/10
  3305 | D:4      | Reached XP level 6. HP: 39/44 MP: 1/11
  3619 | D:4      | Reached XP level 7. HP: 51/51 MP: 0/12
  3983 | D:4      | Lost mutation: You are agile. (Dex +4, Str/Int -1) [potion
                  | of mutation]
  3983 | D:4      | Lost mutation: Your natural rate of healing is unusually
                  | fast. [potion of mutation]
  3983 | D:4      | Gained mutation: You are frail. (-10% HP) [potion of
                  | mutation]
  3983 | D:4      | Gained mutation: You have large cloven feet. [potion of
                  | mutation]
  4618 | D:5      | Reached XP level 8. HP: 44/52 MP: 9/14
  4973 | D:5      | Identified the ring "Baqobir" {rN+ Will+ Slay+4}
  5720 | D:6      | Reached skill level 7 in Stealth
  6977 | D:7      | Found an ancient bone altar of Kikubaaqudgha.
  6977 | D:7      | Found a snail-covered altar of Cheibriados.
  7118 | D:7      | Found a staircase to the Ecumenical Temple.
  7142 | Temple   | Entered the Ecumenical Temple
  7335 | Temple   | Became a worshipper of Sif Muna the Loreminder
  7393 | D:7      | Reached XP level 9. HP: 47/58 MP: 0/16
  7568 | D:7      | Noticed a hornet
  7592 | D:7      | Killed a hornet
  7593 | D:7      | Reached skill level 5 in Spellcasting
  7792 | D:7      | Reached skill level 5 in Dodging
  7792 | D:7      | Reached skill level 5 in Evocations
  8500 | D:7      | Reached * piety under Sif Muna
  8709 | D:7      | Learned a level 3 spell: Dazzling Flash
  8713 | D:7      | Learned a level 3 spell: Stone Arrow
  8739 | D:7      | Reached skill level 5 in Invocations
  9683 | D:8      | Reached skill level 5 in Fighting
  9683 | D:8      | Reached skill level 5 in Short Blades
  9683 | D:8      | Reached skill level 5 in Long Blades
  9683 | D:8      | Reached skill level 5 in Axes
  9683 | D:8      | Reached skill level 5 in Maces & Flails
  9683 | D:8      | Reached skill level 5 in Polearms
  9683 | D:8      | Reached skill level 5 in Staves
  9683 | D:8      | Reached skill level 5 in Ranged Weapons
  9683 | D:8      | Reached skill level 5 in Throwing
  9683 | D:8      | Reached skill level 5 in Armour
  9683 | D:8      | Reached skill level 5 in Shields
  9683 | D:8      | Reached skill level 5 in Unarmed Combat
  9683 | D:8      | Reached XP level 10. HP: 66/66 MP: 12/18
 10405 | D:9      | Noticed Joseph
 10416 | D:9      | Killed Joseph
 10417 | D:9      | Reached skill level 8 in Stealth
 10644 | D:9      | Reached skill level 5 in Hexes
 10774 | D:9      | Upgraded the game from 0.30-a0-149-g7f746667c4 to
                  | 0.30-a0-159-g068b764562
 10883 | D:9      | Reached ** piety under Sif Muna
 11222 | D:9      | Found a staircase to the Orcish Mines.
 11740 | D:9      | Noticed Pikel
 11748 | D:9      | Killed Pikel
 11862 | D:8      | Reached skill level 5 in Summonings
 11862 | D:8      | Reached skill level 5 in Necromancy
 11862 | D:8      | Reached skill level 5 in Translocations
 11862 | D:8      | Reached skill level 5 in Transmutations
 11862 | D:8      | Reached skill level 5 in Fire Magic
 11862 | D:8      | Reached skill level 5 in Ice Magic
 11862 | D:8      | Reached skill level 5 in Air Magic
 11862 | D:8      | Reached skill level 5 in Earth Magic
 11862 | D:8      | Reached skill level 5 in Poison Magic
 12151 | D:9      | Found a sparkling altar of Nemelex Xobeh.
 12152 | D:9      | Found a shadowy altar of Dithmenos.
 12153 | D:9      | Found a basalt altar of Yredelemnul.
 12153 | D:9      | Found a sacrificial altar of Ru.
 12304 | D:9      | Reached XP level 11. HP: 72/72 MP: 17/21
 12372 | D:10     | Entered Level 10 of the Dungeon
 12419 | D:10     | Paralysed by a hornet for 1 turns
 12628 | D:9      | Learned a level 2 spell: Cigotuvi's Dreadful Rot
 12631 | D:9      | Learned a level 2 spell: Poisonous Vapours
 12744 | D:10     | Paralysed by a hornet for 2 turns
 13624 | D:10     | Noticed a two-headed ogre
 13630 | D:10     | Reached *** piety under Sif Muna
 13770 | D:9      | Learned a level 3 spell: Inner Flame
 14273 | D:10     | Killed a two-headed ogre
 14359 | D:10     | HP: 1/74 [spore (29)]
 14685 | D:10     | Noticed a two-headed ogre
 14692 | D:10     | Killed a two-headed ogre
 14693 | D:10     | Reached skill level 9 in Stealth
 15186 | D:11     | Noticed a two-headed ogre
 15196 | D:11     | Killed a two-headed ogre
 16037 | D:11     | Found a runed translucent gate.
 16037 | D:11     | Found a runed translucent gate.
 16038 | D:11     | Found a runed translucent gate.
 16039 | D:11     | Noticed a centaur warrior
 16040 | D:11     | Noticed a two-headed ogre
 16040 | D:11     | Noticed SigmundSlayer's ghost (journeyman DECj)
 16043 | D:11     | Noticed a manticore
 16197 | D:11     | Noticed a two-headed ogre
 16207 | D:11     | Killed a two-headed ogre
 16360 | D:11     | Noticed a death yak
 16367 | D:11     | Learned a level 3 spell: Kindle Blastsparks
 16368 | D:11     | Noticed a death yak
 16368 | D:11     | Noticed a death yak
 16378 | D:11     | Noticed a death yak
 16381 | D:11     | Noticed a death yak
 16394 | D:11     | Found a staircase to the Lair.
 16396 | D:11     | Noticed a green ugly thing
 16400 | D:11     | Mangled by a death yak

Illustrated notes

Levels and vault maps discovered:
D:1:      elethiomel_arrival_diamonds, layout_basic,
          shapermc_ecumenical_altar_pompeii
D:2:      layout_basic, serial_forest, infiniplex_forest_lined_2,
          infiniplex_forest_clump_long, infiniplex_forest_3_way,
          infiniplex_forest_zigzag_2, infiniplex_forest_corner_1,
          infiniplex_forest_end_1, infiniplex_forest_lined_corner,
          infiniplex_forest_diagonal
D:3:      layout_rooms, grunt_decor_mini_mirrors
D:4:      layout_rooms, uniq_sigmund
D:5:      layout_basic, kennysheep_generic_room_7
D:6:      layout_basic
D:7:      layout_basic, gammafunk_temple_overflow_wave,
          minmay_temple_entry_glassed_door, nicolae_eternal_life, dk_vineyard_2
D:8:      layout_gridville
D:9:      layout_cave_pods, chequers_temple_overflow_statue_of_worship,
          david_orc_4, uniq_joseph, uniq_pikel
D:10:     layout_loops_ring, enter_bailey_5, special_room [special_room_orc],
          lightli_corner_chamber
D:11:     minmay_distorted_concentric_squares, layout_loops_corners,
          dpeg_lair_monsters, gammafunk_ghost_split, minmay_librarian
Temple:   regret_index_temple_sphere_string

Skill      XL: |  1  2  3  4  5  6  7  8  9 10 11 |
---------------+----------------------------------+-----
Hexes          | 2 3 4 5 6 |  6.2
Stealth        | 6 7 8 9 |  9.2
Invocations    | 1 2 3 4 5 6 7 |  7.6
Fighting       | 1 2 3 4 5 6 |  6.9
Short Blades   | 1 2 3 4 5 6 |  6.9
Long Blades    | 1 2 3 4 5 6 |  6.9
Axes           | 1 2 3 4 5 6 |  6.9
Maces & Flails | 1 2 3 4 5 6 |  6.9
Polearms       | 1 2 3 4 5 6 |  6.9
Staves         | 1 2 3 4 5 6 |  6.9
Ranged Weapons | 1 2 3 4 5 6 |  6.9
Throwing       | 1 2 3 4 5 6 |  6.9
Armour         | 1 2 3 4 5 6 |  6.9
Shields        | 1 2 3 4 5 6 |  6.9
Unarmed Combat | 1 2 3 4 5 6 |  6.9
Spellcasting   | 3 4 5 6 7 |  7.5
Summonings     | 1 2 3 4 5 |  5.7
Necromancy     | 1 2 3 4 5 |  5.7
Translocations | 1 2 3 4 5 |  5.7
Transmutations | 1 2 3 4 5 |  5.7
Fire Magic     | 1 2 3 4 5 |  5.7
Ice Magic      | 1 2 3 4 5 |  5.7
Air Magic      | 1 2 3 4 5 |  5.7
Earth Magic    | 1 2 3 4 5 |  5.7
Poison Magic   | 1 2 3 4 5 |  5.7
Dodging        | 3 4 5 6 7 |  7.4
Evocations     | 3 4 5 6 7 |  7.4
Conjurations   | 6 7 8 |  8.0

Action                   |  1- 3 |  4- 6 |  7- 9 | 10-12 || total
-------------------------+-------+-------+-------+-------++-------
Melee: Staff             |    28 |    52 |    88 |   130 ||   298
       Bite              |     6 |     3 |    10 |    16 ||    35
       Punch             |       |       |     1 |       ||     1
Throw: Javelin           |     3 |       |       |       ||     3
 Cast: Foxfire           |   101 |    71 |   293 |   238 ||   703
       Slow              |     2 |       |    14 |    20 ||    36
       Stone Arrow       |       |       |     8 |    40 ||    48
       Dazzling Flash    |       |       |     2 |    11 ||    13
       Poisonous Vapours |       |       |       |    34 ||    34
       Inner Flame       |       |       |       |    20 ||    20
       Kindle Blastspark |       |       |       |     4 ||     4
       Cigotuvi's Dreadf |       |       |       |     3 ||     3
Invok: Channel Magic     |       |       |       |     1 ||     1
Evoke: Wand              |       |       |       |     2 ||     2
  Use: Potion            |     3 |     4 |     3 |     8 ||    18
       Scroll            |       |     2 |     7 |    17 ||    26
 Stab: Sleeping          |     1 |       |       |       ||     1
       Invisible         |       |       |       |     3 ||     3
Armor: Robe              |    20 |     5 |       |       ||    25
       Leather armour    |       |    25 |    80 |   106 ||   211
Dodge: Dodged            |    50 |    56 |   179 |   299 ||   584
Block: Buckler           |     1 |     6 |    43 |   101 ||   151

Table legend: (Time is in decaauts)
 A = Elapsed time spent in this place.
 B = Non-inter-level travel time spent in this place.
 C = Inter-level travel time spent in this place.
 D = Time resting spent in this place.
 E = Time spent auto-exploring this place.
 F = Levels seen in this place.
 G = Mean time per level.
                   A        B        C        D        E       F      G
               +--------+--------+--------+--------+--------+-----+--------+
         Total |  16393 |  15490 |    903 |      4 |  12670 |  12 | 1366.1 |
       Dungeon |  16172 |  15338 |    834 |      4 |  12536 |  11 | 1470.2 |
        Temple |    221 |    152 |     69 |      0 |    134 |   1 |  221.0 |
               +--------+--------+--------+--------+--------+-----+--------+

Top non-repeatable levels by time:
     D:9: 2642 daAuts
    D:10: 2101 daAuts
     D:7: 2044 daAuts
     D:5: 1750 daAuts
     D:8: 1375 daAuts
     D:6: 1231 daAuts
    D:11: 1091 daAuts
     D:2: 1079 daAuts
     D:1: 1071 daAuts
     D:3: 960 daAuts
     D:4: 824 daAuts
  Temple: 221 daAuts
